 Dungeon Crawl Stone Soup version 0.31.0-32-g396128a36d (webtiles) character file.

Game seed: 510755542899796120

112635 Peloso the Tortoise (level 16, 0/119 HPs)
             Began as a Minotaur Fighter on Apr 10, 2024.
             Was the Champion of Okawaru.
             Slain by a tentacled starspawn (22 damage)
             ... on level 2 of the Abyss.
             The game lasted 01:06:47 (28539 turns).

Peloso the Tortoise (Minotaur Fighter)             Turns: 28539, Time: 01:06:48

Health: 0/119      AC: 24    Str: 22    XL:     16   Next: 12%
Magic:  12/15      EV:  6    Int:  5    God:    Okawaru [******]
Gold:   1896       SH: 14    Dex: 15    Spells: 15/15 levels left

rFire   + . .        a - +4 scimitar (flame)
rCold   + . .        d - +0 kite shield
rNeg    . . .        g - +1 plate armour {rF+}
rPois   +            Y - +0 hat {Will+}
rElec   +            A - +0 cloak
rCorr   .            c - +0 pair of gloves
SInv    .            y - +0 pair of boots {Stlth+}
Will    +++..        r - amulet of regeneration Stlth
                     Z - ring of willpower
HPRegen 1.19/turn    K - ring of Undoing {Fly rElec rPois rC+}
MPRegen 0.14/turn

%: no passive effects
@: flying, constricted
A: horns 2, retaliatory headbutt, [clumsy 1], [frail 2], [inability to read
after injury 1]
a: Renounce Religion, Heroism, Finesse, Duel, Receive Weapon, Receive Armour


You were on level 2 of the Abyss.
You worshipped Okawaru.
Okawaru was exalted by your worship.
You visited 5 branches of the dungeon, and saw 24 of its levels.
You visited the Abyss 1 time.
You also visited: Volcano.

You collected 2395 gold pieces.
You spent 499 gold pieces at shops.

Inventory:

Hand Weapons
 a - a +4 scimitar of flaming (weapon)
 b - a +4 scimitar
Armour
 c - a +0 pair of gloves (worn)
 d - a +0 kite shield (worn)
 g - a +1 plate armour of fire resistance (worn)
 y - a +0 pair of boots of stealth (worn)
 A - a +0 cloak (worn)
 Y - a +0 hat of willpower (worn)
Jewellery
 p - the macabre finger necklace {Finger+ rN+}
   (You found it on level 5 of the Lair of Beasts)

   [amulet of nothing]

   Finger+:   It enables you to equip an extra ring.
   rN+:       It protects you from negative energy.
 r - an amulet of regeneration (around neck)
 x - the ring of the Hecatoncheires {rF+ rC+ Int+3}
   (You found it on level 14 of the Dungeon)

   [ring of protection from cold]

   Int+3:     It affects your intelligence (+3).
   rF+:       It protects you from fire.
   rC+:       It protects you from cold.
 z - a +6 ring of strength
 D - a +6 ring of dexterity
 H - a ring of ice
 I - a ring of protection from fire
 K - the ring of Undoing (right hand) {Fly rElec rPois rC+}
   (You acquired it in a volcano)

   [ring of flight]

   rC+:       It protects you from cold.
   rElec:     It insulates you from electricity.
   rPois:     It protects you from poison Fly: It grants you flight.
 Q - an amulet of reflection
 Z - a ring of willpower (left hand)
Talismans
 f - a beast talisman
Wands
 v - a wand of mindburst (19)
 B - a wand of flame (37)
 M - a wand of iceblast (7)
Scrolls
 h - 3 scrolls of teleportation
 n - a scroll of identify
 q - a scroll of enchant weapon
 w - 4 scrolls of amnesia
 C - 3 scrolls of silence
 E - 2 scrolls of fear
 F - 5 scrolls of revelation
 G - 5 scrolls of enchant armour
 N - a scroll of summoning
 O - a scroll of blinking
 P - 4 scrolls of fog
 T - 2 scrolls of immolation
 U - a scroll of brand weapon
 W - 2 scrolls of poison
Potions
 e - 4 potions of might
 i - 3 potions of enlightenment
 j - 4 potions of brilliance
 k - 5 potions of invisibility
 m - 2 potions of cancellation
 o - 6 potions of curing
 s - a potion of ambrosia
 t - 7 potions of haste
 u - a potion of resistance
 J - a potion of mutation
 L - 3 potions of heal wounds
 X - a potion of magic
Miscellaneous
 l - a lightning rod (4/4)


   Skills:
 + Level 15.2 Fighting
 + Level 17.2 Long Blades
 + Level 17.7 Armour
 + Level 4.1 Dodging
 + Level 1.5 Stealth
 + Level 16.8 Shields
 + Level 0.7 Unarmed Combat
 + Level 1.2 Invocations
 + Level 0.8 Evocations
 + Level 7.0 Shapeshifting


You had 15 spell levels left.
You didn't know any spells.
Your spell library contained the following spells:

 Spells                   Type           Power      Damage    Failure   Level
 Apportation              Tloc           0%         N/A       99%         1
 Cigotuvi's Dreadful Rot  Necr/Alch/Air  0%         N/A       100%        2
 Jinxbite                 Hex            0%         N/A       100%        2
 Fugue of the Fallen      Necr           0%         N/A       100%        3
 Inner Flame              Hex/Fire       0%         N/A       100%        3
 Ozocubu's Armour         Ice            0%         N/A       100%        3
 Anguish                  Hex/Necr       0%         N/A       100%        4
 Cause Fear               Hex            0%         N/A       100%        4
 Flame Wave               Conj/Fire      0%         2d4       100%        4
 Ignite Poison            Fire/Alch      0%         N/A       100%        4
 Manifold Assault         Tloc           0%         N/A       100%        4
 Passage of Golubria      Tloc           0%         N/A       100%        4
 Sticky Flame             Fire/Alch      0%         2d4       100%        4
 Alistair's Intoxication  Alch           0%         N/A       100%        5
 Borgnjor's Vile Clutch   Necr/Erth      0%         N/A       100%        5
 Fireball                 Conj/Fire      0%         3d3       100%        5
 Freezing Cloud           Conj/Ice/Air   0%         6-21      100%        5
 Yara's Violent Unravell  Hex/Alch       0%         3d3       100%        5
 Conjure Ball Lightning   Conj/Air       0%         3x3d6     100%        6
 Enfeeble                 Hex            0%         N/A       100%        7
 Discord                  Hex            0%         N/A       100%        8
 Disjunction              Tloc           0%         N/A       100%        8
 Tukima's Dance           Hex            Unusable   N/A       N/A         3
 Animate Dead             Necr           Unusable   N/A       N/A         4
 Death Channel            Necr           Unusable   N/A       N/A         6
 Malign Gateway           Summ/Tloc      Unusable   N/A       N/A         7
 Summon Horrible Things   Summ           Unusable   N/A       N/A         8
 Dragon's Call            Summ           Unusable   N/A       N/A         9

Dungeon Overview and Level Annotations

Branches:
Dungeon (15/15)            Temple (1/1) D:4            Lair (5/5) D:10
 Shoals (0/4) Lair:2        Snake (0/4) Lair:3        Slime (0/5) Lair:5
    Orc (2/2) D:9             Elf (1/3) Orc:2        Vaults (0/5) D:13
 Depths (0/4) D:15        Volcano (visited)

Altars:
Ashenzari
Cheibriados
Dithmenos
Elyvilon
Fedhas
Gozag
Hepliaklqana
Kikubaaqudgha
Makhleb
Nemelex Xobeh
Okawaru
Qazlal
Ru
Sif Muna
Trog
Uskayaw
Vehumet
Wu Jian
Xom
Yredelemnul
Zin
The Shining One
Jiyva

Shops:
D:10 *   D:14 =   Orc:1 !   Orc:2 [((*   Elf:1 :=

Portals:
Trove: D:14 (give 2 scrolls of acquirement)

Annotations:
Lair:5 Casa, exclusion: obsidian statue


Innate Abilities, Weirdness & Mutations

You have a pair of horns on your head.
You reflexively headbutt those who attack you in melee.
[You are clumsy. (Dex -2)]
[You are very frail. (-20% HP)]
[You occasionally lose the ability to read scrolls when taking damage.]


Message History

The tentacled starspawn tentacle-slaps you but does no damage.
The starspawn tentacle constricts you.
You barely miss the tentacled starspawn.
The tentacled starspawn is almost destroyed.
You block the tentacled starspawn's attack. x2
Unknown command.
You slash the tentacled starspawn! You burn the tentacled starspawn.
You destroy the tentacled starspawn!
Okawaru accepts your kill.
The starspawn tentacle loses its grip on you.
The starspawn's tentacles wither and die.
The starspawn tentacle grabs you. The starspawn tentacle constricts you.
You feel the corruption within you wane somewhat.
Your magic regains its normal vibrancy.
You feel more energetic.
You lose the ability to read scrolls when taking damage less often.
You completely miss the tentacled starspawn.
You barely miss the tentacled starspawn.
The starspawn tentacle constricts you.
You block the tentacled starspawn's attack.
The tentacled starspawn tentacle-slaps you.
You slash the tentacled starspawn! You burn the tentacled starspawn!
You headbutt the tentacled starspawn, but do no damage.
The tentacled starspawn is moderately damaged.
The starspawn tentacle constricts you. The tentacled starspawn bites you!!
* * * LOW HITPOINT WARNING * * *
You block the tentacled starspawn's attack.
You hit the tentacled starspawn. You burn the tentacled starspawn.
The tentacled starspawn is moderately damaged.
The starspawn tentacle constricts you.
You slash the tentacled starspawn! You burn the tentacled starspawn.
The tentacled starspawn is heavily damaged.
The tentacled starspawn bites you!
* * * LOW HITPOINT WARNING * * *
The tentacled starspawn tentacle-slaps you but does no damage.
Unknown command.
You hit the tentacled starspawn. You burn the tentacled starspawn.
You headbutt the tentacled starspawn, but do no damage.
The tentacled starspawn is heavily damaged.
The starspawn tentacle constricts you. The tentacled starspawn bites you!!
You die...

..... # ##
.#... ##.#.#
...# ....
.##... .
....# ##..#
### ##.)#
..# ...#
#wXw##..# .
#. # #@# # #
# . ..##..##
.#.. . ...##
. ..
#...#.#.#..#
#. .
#...#..##..
# .#..## ##
ยง ..


You could see a tentacled starspawn and 2 starspawn tentacles.

Vanquished Creatures
  Rupert (D:15)
  A tentacled starspawn (Abyss:2)
  Agnes (D:15)
  Gastronok (Lair:1)
  3 dire elephants (Lair:5)
  3 vault guards (D:13)
  Josephine (D:14)
  Erolcha (D:10)
  2 ice dragons (D:15)
  Harold (D:9)
  3 ogre magi
  2 catoblepae (Lair:3)
  A death knight (D:13)
  8 hydras
  3 dancing weapons (Elf:1)
  A centaur warrior (D:14)
  5 death yaks
  4 boulder beetles
  18 two-headed ogres
  A hell hog (Volcano)
  3 tengu warriors
  Nergalle (Orc:1)
  A wretched star (Abyss:2)
  2 deep trolls
  A spectral anaconda (Lair:5)
  An arcanist (D:13)
  6 necromancers
  An orc knight (Orc:2)
  2 lindwurms
  4 deep elf zephyrmancers
  A large abomination (Abyss:2)
  3 orc sorcerers
  7 deep elf pyromancers
  3 manticores
  6 ugly things
  6 cyclopes
  An oklob plant (D:6)
  17 elephants
  Joseph (D:8)
  2 kobold blastminers
  3 black mambas
  3 gargoyles
  A dire elephant zombie (Lair:5)
  11 cane toads
  An unseen horror (D:11)
  3 rime drakes
  18 komodo dragons
  A dire elephant skeleton (Lair:5)
  3 efreet
  3 freezing wraiths (D:13)
  2 kobold demonologists (D:9)
  A tengu conjurer (D:14)
  13 trolls
  Psyche (D:9)
  2 polar bears
  Grinder (D:5)
  A blink frog (shapeshifter) (D:14)
  Prince Ribbit (D:8)
  2 hornets
  4 dream sheep (Lair:3)
  5 blink frogs
  7 slime creatures
  2 spectral elephants (Lair:5)
  Sigmund (D:3)
  A spriggan (shapeshifter) (D:14)
  7 wraiths
  7 wyverns
  A fire elemental (Elf:1)
  18 humans (D:13)
  45 yaks
  2 wargs (Orc:2)
  7 fire bats (Volcano)
  5 steam dragons
  A vampire mosquito (D:7)
  3 basilisks
  6 swamp worms (D:14)
  A death yak simulacrum (Lair:5)
  A chaos spawn (Abyss:2)
  An acid dragon (D:10)
  3 nagas (Lair:3)
  9 water moccasins
  2 hell hounds (Volcano)
  12 orc warriors
  4 black bears
  An ice beast (D:7)
  4 laughing skulls (D:13)
  An elephant zombie (Lair:5)
  22 ogres
  10 wolves
  An elephant skeleton (Lair:5)
  5 centaurs
  4 kobold brigands
  Blork the orc (D:4)
  14 bullfrogs
  A gnoll sergeant (D:7)
  A cane toad simulacrum (Lair:5)
  2 scorpions (D:5)
  3 wights (D:8)
  An earth elemental (Orc:2)
  11 killer bees
  An electric eel (Lair:3)
  8 howler monkeys
  4 bombardier beetles
  10 hounds
  7 jellies
  Crazy Yiuf (D:4)
  14 orc priests
  A gnoll bouda (D:7)
  2 sleepcaps (D:4)
  Ijyb (D:3)
  Jessica (D:3)
  5 hell rats
  5 iguanas
  13 orc wizards
  5 adders
  A shadow imp (D:8)
  2 white imps
  2 ufetubi (D:5)
  3 ribbon worms
  3 dart slugs
  52 orcs
  3 ball pythons
  16 endoplasms
  3 giant cockroaches
  6 goblins
  6 hobgoblins
  4 jackals
  6 quokkas
  7 bats
  A frilled lizard (D:2)
  18 kobolds
  7 rats
656 creatures vanquished.

Vanquished Creatures (others)
  2 starspawn tentacles (Abyss:2)
2 creatures vanquished.

Grand Total: 658 creatures vanquished

Notes
Turn   | Place    | Note
-------+----------+-------------------------------------------
     0 | D:1      | Peloso the Minotaur Fighter began the quest for the Orb.
     0 | D:1      | Reached XP level 1. HP: 19/19 MP: 0/0
    80 | D:1      | Found a faded altar of an unknown god.
   117 | D:1      | Reached XP level 2. HP: 25/27 MP: 1/1
   682 | D:2      | Reached XP level 3. HP: 22/33 MP: 2/2
   749 | D:2      | Found a sacrificial altar of Ru.
  1330 | D:3      | Reached XP level 4. HP: 37/40 MP: 3/3
  1393 | D:3      | Noticed Sigmund
  1430 | D:3      | Killed Sigmund
  1431 | D:3      | Reached XP level 5. HP: 37/46 MP: 4/4
  1470 | D:3      | Noticed Jessica
  1479 | D:3      | Killed Jessica
  1480 | D:3      | Reached skill level 5 in Long Blades
  1480 | D:3      | Reached skill level 5 in Armour
  1480 | D:3      | Noticed Ijyb
  1492 | D:3      | Killed Ijyb
  1493 | D:3      | Reached skill level 1 in Shapeshifting
  1493 | D:3      | Reached XP level 6. HP: 51/53 MP: 5/5
  2418 | D:4      | Noticed Blork the orc
  2669 | D:4      | Found a staircase to the Ecumenical Temple.
  2677 | Temple   | Entered the Ecumenical Temple
  2682 | Temple   | Became a worshipper of Warmaster Okawaru
  2735 | D:5      | Entered Level 5 of the Dungeon
  3011 | D:5      | Reached XP level 7. HP: 60/60 MP: 6/6
  3171 | D:5      | Reached skill level 5 in Shields
  3478 | D:5      | Reached skill level 5 in Fighting
  3581 | D:5      | Reached * piety under Okawaru
  3916 | D:5      | Reached XP level 8. HP: 56/68 MP: 7/7
  4060 | D:5      | Noticed Grinder
  4085 | D:5      | Killed Grinder
  4199 | D:4      | Found a shimmering blue altar of Sif Muna.
  4507 | D:4      | Found a runed translucent door.
  4508 | D:4      | Noticed Crazy Yiuf
  4690 | D:4      | Killed Blork the orc
  4691 | D:4      | Reached skill level 1 in Dodging
  4989 | D:4      | Paralysed by Crazy Yiuf for 1 turns
  4995 | D:4      | Killed Crazy Yiuf
  5240 | D:6      | Reached ** piety under Okawaru
  5521 | D:6      | Reached XP level 9. HP: 62/75 MP: 8/8
  5625 | D:6      | Noticed an oklob plant
  6397 | D:7      | Reached skill level 10 in Long Blades
  6468 | D:7      | Reached *** piety under Okawaru
  6686 | D:7      | Noticed a cyclops
  6686 | D:7      | Noticed a boulder beetle
  6768 | D:8      | Noticed Prince Ribbit
  6800 | D:8      | Killed Prince Ribbit
  6896 | D:8      | Reached **** piety under Okawaru
  7236 | D:8      | Reached XP level 10. HP: 79/86 MP: 9/9
  7448 | D:8      | Identified the +8 mace of Esosk {freeze, rF+ rC+ Str+3
                  | Int-4}
  7495 | D:8      | Noticed Joseph
  7506 | D:8      | Killed Joseph
  7827 | D:9      | Found a snail-covered altar of Cheibriados.
  7834 | D:9      | Found a shimmering altar of Xom.
  7837 | D:9      | Found a broken altar of Ashenzari.
  7837 | D:9      | Found a glowing silver altar of Zin.
  7843 | D:9      | Found a blossoming altar of Fedhas.
  7935 | D:9      | Noticed Harold
  7946 | D:9      | Paralysed by a hornet for 3 turns
  8127 | D:9      | Killed Harold
  8288 | D:9      | Reached ***** piety under Okawaru
  8500 | D:9      | Found a staircase to the Orcish Mines.
  8585 | D:9      | Noticed Psyche
  8647 | D:9      | Reached skill level 10 in Armour
  8731 | D:9      | Killed Psyche
  8833 | D:9      | Received a gift from Okawaru
  9056 | D:10     | Entered Level 10 of the Dungeon
  9056 | D:10     | Noticed a two-headed ogre
  9063 | D:10     | Killed a two-headed ogre
  9064 | D:10     | Reached XP level 11. HP: 85/95 MP: 10/10
  9076 | D:10     | Found Yleon's Assorted Antiques.
  9128 | D:10     | Bought a scroll labelled UDAEHUM XETHRI for 18 gold pieces
  9128 | D:10     | Bought a scroll labelled MYDAORR BADWYE for 18 gold pieces
  9128 | D:10     | Bought an amethyst potion for 16 gold pieces
  9304 | D:10     | Found a white marble altar of Elyvilon.
  9325 | D:10     | Found a staircase to the Lair.
  9392 | D:10     | Found a transporter.
  9394 | D:10     | Found a transporter.
  9436 | D:10     | Noticed Erolcha
  9445 | D:10     | Killed Erolcha
  9497 | D:10     | Found a transporter.
  9552 | D:10     | Found a transporter.
  9967 | D:6      | Killed an oklob plant
 10141 | D:11     | Noticed a boulder beetle
 10168 | D:10     | Killed a boulder beetle
 10359 | D:11     | Received a gift from Okawaru
 10396 | D:11     | Noticed a green ugly thing
 10406 | D:11     | Killed a green ugly thing
 10959 | D:11     | Identified a scroll of acquirement
 11031 | Lair:1   | Entered Level 1 of the Lair of Beasts
 11568 | Lair:1   | Noticed Gastronok
 11584 | Lair:1   | Killed Gastronok
 11585 | Lair:1   | Reached skill level 10 in Shields
 12122 | Lair:2   | Found a staircase to the Shoals.
 12151 | Lair:2   | Reached skill level 1 in Stealth
 12194 | Lair:2   | Reached XP level 12. HP: 106/106 MP: 11/11
 12366 | Lair:2   | Received a gift from Okawaru
 12367 | Lair:2   | Reached skill level 10 in Fighting
 12786 | Lair:2   | Noticed an eight-headed hydra
 12793 | Lair:2   | Killed a three-headed hydra
 13008 | Lair:2   | Reached skill level 5 in Shapeshifting
 13025 | Lair:2   | Reached ****** piety under Okawaru
 13380 | Lair:3   | Received a gift from Okawaru
 13432 | Lair:3   | Found a staircase to the Snake Pit.
 13728 | Lair:3   | Noticed a catoblepas
 13765 | Lair:3   | Killed a catoblepas
 14002 | Lair:3   | Noticed a six-headed hydra
 14015 | Lair:3   | Killed a one-headed hydra
 14015 | Lair:3   | Received a gift from Okawaru
 14033 | Lair:3   | Reached XP level 13. HP: 89/115 MP: 12/12
 14273 | Lair:3   | Found a runed translucent door.
 15756 | D:12     | Received a gift from Okawaru
 15757 | D:12     | Reached skill level 15 in Long Blades
 16188 | Orc:1    | Entered Level 1 of the Orcish Mines
 16189 | Orc:1    | Found Tutziset's Distillery.
 16194 | Orc:1    | Noticed Nergalle
 16206 | Orc:1    | Killed Nergalle
 16241 | Orc:1    | Found a dark tunnel.
 16269 | Volcano  | Entered a volcano
 16925 | Orc:2    | Entered Level 2 of the Orcish Mines
 16962 | Orc:2    | Found a staircase to the Elven Halls.
 17046 | Orc:2    | Paralysed by an orc sorcerer for 4 turns
 17140 | Orc:1    | Received a gift from Okawaru
 17149 | Orc:1    | HP: 2/117 [deep troll (9)]
 17488 | Orc:2    | Paralysed by an ogre mage for 2 turns
 17513 | Orc:2    | Reached skill level 15 in Armour
 17747 | Orc:2    | Found Neasazav's Assorted Antiques.
 17750 | Orc:2    | Reached XP level 14. HP: 112/126 MP: 13/13
 17762 | Orc:2    | Received a gift from Okawaru
 17792 | Orc:2    | Found Enkunuq's Weapon Emporium.
 17793 | Orc:2    | Found Plog's Antique Weapon Emporium.
 17798 | Orc:2    | Found Riyp's Antique Armour Shop.
 17844 | Orc:2    | Bought an orange potion for 27 gold pieces
 20176 | Lair:5   | Entered Level 5 of the Lair of Beasts
 20297 | Lair:4   | Received a gift from Okawaru
 21378 | Lair:5   | Found a viscous altar of Jiyva.
 21378 | Lair:5   | Found a staircase to the Slime Pits.
 21447 | Lair:5   | Found the macabre finger necklace {Finger+ rN+}
 21468 | Lair:5   | Received a gift from Okawaru
 21503 | Lair:5   | Reached skill level 15 in Shields
 22040 | Lair:5   | Reached XP level 15. HP: 136/137 MP: 12/14
 22063 | Lair:5   | Received a gift from Okawaru
 22169 | Lair:5   | Reached skill level 1 in Invocations
 23297 | D:13     | Found a gate to the Vaults.
 23491 | D:13     | Received a gift from Okawaru
 24330 | D:13     | Acquired the ring of Undoing {Fly rElec rPois rC+}
 24389 | D:14     | Found Zihoqel's Jewellery Shoppe.
 24450 | D:14     | Found a transporter.
 24486 | D:14     | Found a transporter.
 24858 | D:14     | Found a portal to a secret trove of treasure.
 25543 | D:14     | Identified the ring of the Hecatoncheires {rF+ rC+ Int+3}
 25662 | D:15     | Entered Level 15 of the Dungeon
 25662 | D:15     | Noticed Josephine
 25777 | D:14     | Killed Josephine
 25777 | D:14     | Received a gift from Okawaru
 26357 | D:15     | Identified the +2 robe of Diyluzorak {rC- Int+5}
 26407 | D:15     | Noticed Agnes
 26418 | D:15     | Killed Agnes
 26668 | D:15     | Received a gift from Okawaru
 27023 | D:15     | Noticed Rupert
 27033 | D:15     | Killed Rupert
 27072 | D:15     | Found a stormy altar of Qazlal.
 27170 | D:15     | Found a staircase to the Depths.
 27632 | Lair:3   | Reached skill level 15 in Fighting
 27648 | Lair:3   | Identified the +0 great sword of Judgement {distort, ^Drain
                  | rF+++ rC+ Int+4}
 27873 | Elf:1    | Entered Level 1 of the Elven Halls
 28130 | Elf:1    | Reached XP level 16. HP: 136/149 MP: 15/15
 28243 | Elf:1    | Found Amamnudiun's Jewellery Emporium.
 28253 | Elf:1    | Found Mazepn's Book Shoppe.
 28255 | Elf:1    | Bought an amulet of reflection for 420 gold pieces
 28407 | Abyss:2  | Cast into level 2 of the Abyss (+1 scimitar of distortion)
 28428 | Abyss:2  | Found a corrupted altar of Lugonu.
 28516 | Abyss:2  | Received a gift from Okawaru
 28524 | Abyss:2  | Noticed a tentacled starspawn
 28524 | Abyss:2  | Noticed a tentacled starspawn
 28533 | Abyss:2  | Killed a tentacled starspawn
 28539 | Abyss:2  | Slain by a tentacled starspawn

Illustrated notes

Levels and vault maps discovered:
D:1:      minmay_arrival_doors, layout_rooms, nicolae_ecumenical_lake_church,
          minmay_stone_trees_small, chequers_serial_rivers_micro_b,
          nicolae_figureground_pulse
D:2:      layout_loops_ring, basic_altar
D:3:      layout_basic, minmay_checkerbox, uniq_ijyb, uniq_jessica, uniq_sigmund
D:4:      layout_basic, mainiacjoe_overflow_six_doors_small,
          minmay_temple_entry_trees, uniq_crazy_yiuf_cottage, uniq_blork_the_orc
D:5:      minmay_chambers_of_threes, layout_basic,
          minmay_misc_feat_four_crosses, minmay_quadrilaterals, uniq_grinder
D:6:      lemuel_slime, layout_loops_corners
D:7:      minmay_slanted_spiral_squares, layout_rooms, minmay_tree_intersection
D:8:      layout_cave_pods, eino_jars, uniq_prince_ribbit1, uniq_joseph
D:9:      layout_loops_ring, nicolae_overflow_hallway_of_the_gods, orc_0_dummy,
          uniq_psyche, uniq_harold
D:10:     layout_roguey, mainiacjoe_overflow_surrounded_room, lair_entry_dummy,
          serial_shops, nicolae_shop_waterfront, nicolae_transporter_circle,
          uniq_erolcha
D:11:     layout_small_grid
D:12:     layout_stronghold
D:13:     layout_cave_pods, grunt_vaults_entry_tiered, drop_trap,
          kennysheep_path_1
D:14:     gammafunk_worm_tunnel, layout_irregular_city, enter_trove_1,
          serial_shops, shop, hangedman_abyss_or_decor_stabs
D:15:     grunt_enter_depths_hoard, layout_basic,
          nicolae_qazlal_scattered_showers, chequers_serial_rivers_micro_b,
          st_stairs_3, uniq_josephine, uniq_agnes, uniq_rupert
Temple:   minmay_freezing_vapour_temple
Lair:1:   layout_gridlike, uniq_gastronok
Lair:2:   nzn_winding_woodlands_cross [nzn_winding_woodlands_5x15_zeroes,
          nzn_winding_woodlands_5x15_default,
          nzn_winding_woodlands_5x15_crooked,
          nzn_winding_woodlands_5x15_sidewinder,
          nzn_winding_woodlands_15x15_boxy_spiral], layout_gridlike,
          elwin_shoals_entry_rooms
Lair:3:   gammafunk_lair_enchanted_lake, layout_cave_pods,
          guppyfry_snake_entry_garden, lemuel_fruit_fields, grunt_megastairs_1
Lair:4:   layout_cave_pods, infiniplex_staircase_pool
Lair:5:   due_jungle_book, layout_big_grid, slime_entry_1
Orc:1:    nicolae_orc_accident_2, layout_caves, nicolae_volcano_entry_two_sided,
          serial_shops, nicolae_shop_just_a_little_nook, uniq_nergalle
Orc:2:    st_orc_open, layout_caves, nicolae_orc_lost_temple
Elf:1:    minmay_elf_arrival_circle, layout_geoelf_octagon,
          hangedman_corner_corridor, minmay_shoptagon, uniq_frances,
          uniq_roxanne
Abyss:2:  base:
D:13

Skill      XL: |  1  2  3  4  5  6  7  8  9 10 11 12 13 14 15 |
---------------+----------------------------------------------+-----
Shields        | 4 5 6 9 10 11 13 15 16 | 16.8
Fighting       | 4 5 6 7 8 9 10 12 13 15 | 15.2
Long Blades    | 3 4 5 6 7 9 11 12 13 14 15 16 17 | 17.2
Armour         | 4 5 6 7 8 10 11 13 15 16 17 | 17.7
Shapeshifting  | 1 2 3 4 5 6 7 |  7.0
Dodging        | 1 2 3 4 |  4.1
Stealth        | 1 |  1.5
Invocations    | 1 |  1.2
Unarmed Combat | |  0.7
Evocations     | |  0.8

Action                     |  1- 3 |  4- 6 |  7- 9 | 10-12 | 13-15 | 16-18 || total
---------------------------+-------+-------+-------+-------+-------+-------++-------
  Melee: Long sword        |    87 |   105 |   374 |    11 |    26 |       ||   603
         Headbutt          |     8 |    24 |    80 |   150 |   383 |    26 ||   671
         Unarmed           |       |       |    10 |     2 |       |       ||    12
         Scimitar          |       |       |     2 |   569 |  1287 |    76 ||  1934
 Invoke: Heroism           |       |       |       |     3 |     8 |       ||    11
  Evoke: Wand              |       |       |       |     4 |     3 |       ||     7
    Use: Scroll            |     2 |     3 |     9 |     7 |    17 |       ||    38
         Potion            |       |       |     1 |     1 |    11 |       ||    13
   Stab: Confused          |       |       |     1 |       |       |       ||     1
 Armour: Scale mail        |    22 |       |       |       |       |       ||    22
         Plate armour      |    61 |   112 |   331 |   484 |  1085 |    39 ||  2112
         Skin              |       |       |     4 |     9 |       |       ||    13
         Chain mail        |       |       |       |       |    21 |       ||    21
  Dodge: Dodged            |    32 |    31 |   118 |   130 |   356 |     6 ||   673
  Block: Buckler           |    35 |    26 |    91 |       |       |       ||   152
         Kite shield       |       |       |    39 |   338 |  1077 |    31 ||  1485
   Form: Beast             |     1 |       |       |       |       |       ||     1
                           |       |       |       |       |     1 |       ||     1
